 Dungeon Crawl Stone Soup version 0.30-a0-860-g512cf1e979 (webtiles) character file.

Game seed: 4475414270881431277

408 dialectric the Trooper (level 6, -2/40 HPs)
             Began as a Gargoyle Fighter on Mar 6, 2023.
             Slain by a wight
             ... wielding a +1 falchion
              (3 damage)
             ... on level 6 of the Dungeon on Mar 7, 2023.
             The game lasted 00:07:32 (3037 turns).

dialectric the Trooper (Gargoyle Fighter)           Turns: 3037, Time: 00:07:33

Health: -2/40      AC: 11    Str: 20    XL:     6   Next: 88%
Magic:  6/6        EV: 10    Int:  8    God:
Gold:   203        SH:  0    Dex: 11    Spells: 5/5 levels left

rFire   . . .      SeeInvis .    a - +0 long sword
rCold   . . .      Faith    .    (no shield)
rNeg    + . .      Spirit   .    b - +0 scale mail
rPois   ∞          Reflect  .    (no helmet)
rElec   +          Rampage  .    (no cloak)
rCorr   .                        (no gloves)
Will    .....                    (no boots) Stlth
                                 h - amulet of the acrobat
HPRegen 0.26/turn                (no ring)
MPRegen 0.10/turn                (no ring)

@: no status effects
A: sickness immunity, AC +4, negative energy resistance 1, electricity
resistance, torment resistance 1, petrification resistance
a: no special abilities


You were on level 6 of the Dungeon.
You visited 1 branch of the dungeon, and saw 6 of its levels.

You collected 203 gold pieces.

Inventory:

Hand Weapons
 a - a +0 long sword (weapon)
Missiles
 e - 2 atropa-tipped darts
 f - 8 poisoned darts (quivered)
Armour
 b - a +0 scale mail (worn)
 c - a +0 buckler
Jewellery
 d - a ring of wizardry
 h - an amulet of the acrobat (around neck)
 j - a ring of willpower
 k - a ring of flight
 l - an amulet of regeneration
Scrolls
 g - 6 scrolls of identify
 i - 2 scrolls of amnesia
 m - a scroll of fog
Potions
 n - a potion of magic {unknown}


   Skills:
 * Level 5.2 Fighting
 + Level 4.6 Long Blades
 + Level 0.4 Throwing
 - Level 4.0 Armour
 - Level 1.1 Dodging
 - Level 0.1 Stealth
 + Level 3.5 Shields


You had 5 spell levels left.
You didn't know any spells.
Your spell library contained the following spells:

 Spells                   Type           Power      Damage    Failure   Level
 Magic Dart               Conj           0%         1d3       77%         1
 Call Imp                 Summ           0%         N/A       88%         2
 Mephitic Cloud           Conj/Pois/Air  0%         N/A       98%         3


Dungeon Overview and Level Annotations

Branches:
Dungeon (6/15)             Temple (0/1) D:4

Altars:
Gozag
Ru
Trog
Vehumet
Zin

Shops:
D:3 =

Annotations:
D:2 1 runed translucent door


Innate Abilities, Weirdness & Mutations

You are immune to sickness and miasma.
Your stone body is resilient. (AC +4)
You are immune to poison.
You resist negative energy. (rN+)
You are resistant to electric shocks. (rElec)
You are resistant to unholy torment.
You are immune to petrification.


Message History

No target in view!
You see here 5 stones.
A wight comes into view. It is wielding a +0 halberd.
A sky beast and a wight come into view.
A wight comes into view. It is wielding a +0 short sword.
Found a scale mail.
The wight closely misses you. The wight hits you with a +1 falchion.
You see here 5 stones.
You closely miss the wight. The wight closely misses you.
The wight barely misses you.
You hit the wight.
The wight is lightly damaged.
The wight hits you with a +1 falchion!
The wight hits you from afar with a +0 halberd.
You slash the wight!
The wight is heavily damaged.
The wight hits you with a +1 falchion.
The wight hits you from afar with a +0 halberd.
You hit the wight.
The wight is heavily damaged.
The wight hits you with a +1 falchion.
The wight hits you from afar with a +0 halberd!
You hit the wight but do no damage.
The wight is heavily damaged.
The wight hits you with a +1 falchion!
* * * LOW HITPOINT WARNING * * *
The wight barely misses you.
You hit the wight but do no damage.
The wight is heavily damaged.
The wight hits you with a +1 falchion.
* * * LOW HITPOINT WARNING * * *
The wight hits you but does no damage. The wight hits you with a +1 falchion.
* * * LOW HITPOINT WARNING * * *
You slash the wight!
The wight is almost destroyed.
The wight hits you but does no damage.
You closely miss the wight.
The wight is almost destroyed.
The wight hits you with a +1 falchion.
You die...

.. # ..# .### . #. ..
..#... ..#.##.## ......
......... #.(#...
........# ###....#
.....#.!#### #...#.#####.
...........####...........
.....#..##zzz@...........#
..# ##.#..Y###...........
#...### #......PPP# .....#
###.........# .......
#.......#####
.........#...###.#
......[.......<..# .####
###...##).# #...###.#


You could see a sky beast and 3 wights.

Vanquished Creatures
  A black bear (D:5)
  A gnoll bouda (D:5)
  An orc priest (D:3)
  An iguana (D:5)
  3 orc wizards
  2 gnolls
  6 adders
  An ufetubus (D:5)
  A dart slug (D:1)
  7 orcs
  4 bats
  7 endoplasms
  5 giant cockroaches
  4 goblins
  5 hobgoblins
  8 jackals (D:1)
  5 quokkas
  5 ball pythons
  3 frilled lizards
  5 kobolds
  5 rats
80 creatures vanquished.

Vanquished Creatures (others)
  3 fungi (D:3)
  6 plants
9 creatures vanquished.

Grand Total: 89 creatures vanquished

Notes
Turn   | Place    | Note
-------+----------+-------------------------------------------
     0 | D:1      | dialectric the Gargoyle Fighter began the quest for the
                  | Orb.
     0 | D:1      | Reached XP level 1. HP: 14/14 MP: 1/1
    97 | D:1      | Reached XP level 2. HP: 16/19 MP: 2/2
   332 | D:1      | Reached XP level 3. HP: 23/23 MP: 3/3
   744 | D:2      | Reached skill level 1 in Dodging
   921 | D:2      | Reached XP level 4. HP: 23/29 MP: 4/4
   993 | D:2      | Found a runed translucent door.
  1038 | D:3      | Found a faded altar of an unknown god.
  1041 | D:3      | Found a glowing silver altar of Zin.
  1324 | D:3      | Found a faded altar of an unknown god.
  1366 | D:3      | Found a radiant altar of Vehumet.
  1412 | D:3      | Identified the +1 mace of the Endless Expanse {spect, *Slow
                  | rPois Int+2}
  1446 | D:3      | Reached skill level 4 in Fighting
  1446 | D:3      | Reached XP level 5. HP: 14/33 MP: 5/5
  1585 | D:3      | Found Qatatese's Jewellery Shoppe.
  1977 | D:3      | Found an opulent altar of Gozag.
  1977 | D:3      | Found a sacrificial altar of Ru.
  2294 | D:4      | Found a staircase to the Ecumenical Temple.
  2422 | D:4      | Noticed a black bear
  2423 | D:4      | Noticed a black bear
  2424 | D:4      | Noticed a black bear
  2425 | D:4      | Found a bloodstained altar of Trog.
  2439 | D:5      | Entered Level 5 of the Dungeon
  2455 | D:5      | Killed a black bear
  2456 | D:5      | Reached XP level 6. HP: 14/40 MP: 6/6
  2613 | D:5      | Reached skill level 5 in Fighting
  2616 | D:5      | Upgraded the game from 0.30-a0-859-gf88a04b62d to
                  | 0.30-a0-860-g512cf1e979
  3021 | D:6      | Noticed a sky beast
  3035 | D:6      | HP: 1/40 [wight/+1 falchion (5)]
  3037 | D:6      | Slain by a wight

Illustrated notes

Levels and vault maps discovered:
D:1:      ncdulo_smallfort, layout_rooms, serial_forest,
          infiniplex_forest_clump_small, infiniplex_forest_lined_corner,
          infiniplex_forest_split, infiniplex_forest_clump_medium,
          infiniplex_forest_lined_room_2, infiniplex_forest_lined_room_,
          infiniplex_forest_straight_1, infiniplex_forest_clump_long,
          infiniplex_forest_end_3
D:2:      layout_basic, uniq_robin, uniq_crazy_yiuf_cottage
D:3:      layout_basic, overflow_temple_1_default,
          gammafunk_temple_overflow_statue, nicolae_overflow_ecumenical_swirl,
          serial_shops, shop, dreamdust_ecumenical_altar_hidden_monk_grotto,
          st_stairs_3
D:4:      layout_cave_pods, trog_ov_bears_minmay, minmay_temple_entry_mist,
          ebering_ghost_rock_garden, supply_closet_lemuel
D:5:      layout_basic, lemuel_round_altar, serial_shops, shop,
          nicolae_specific_store, minmay_checkerbox
D:6:      layout_rooms, overflow_temple_1_default,
          nicolae_qazlal_scattered_showers, sigmund_edmund_badplayer

Skill      XL: |  1  2  3  4  5  6 |
---------------+-------------------+-----
Long Blades    | 2 3 4 |  4.6
Dodging        | 1 |  1.1
Armour         | 4 |  4.0
Fighting       | 4 5 |  5.2
Throwing       | |  0.4
Stealth        | |  0.1
Shields        | |  3.5

Action                     |  1- 3 |  4- 6 || total
---------------------------+-------+-------++-------
  Melee: Long sword        |   139 |   237 ||   376
         Punch             |     2 |     2 ||     4
  Throw: Dart              |       |     7 ||     7
    Use: Scroll            |     1 |     3 ||     4
         Potion            |       |     4 ||     4
 Armour: Scale mail        |   130 |   119 ||   249
  Dodge: Dodged            |   131 |   195 ||   326

Table legend: (Time is in decaauts)
 A = Elapsed time spent in this place.
 B = Non-inter-level travel time spent in this place.
 C = Inter-level travel time spent in this place.
 D = Time resting spent in this place.
 E = Time spent auto-exploring this place.
 F = Levels seen in this place.
 G = Mean time per level.
                   A        B        C        D        E       F      G
               +--------+--------+--------+--------+--------+-----+--------+
         Total |   3135 |   3077 |     58 |    540 |   1547 |   6 |  522.5 |
       Dungeon |   3135 |   3077 |     58 |    540 |   1547 |   6 |  522.5 |
               +--------+--------+--------+--------+--------+-----+--------+

Top non-repeatable levels by time:
     D:3: 987 daAuts
     D:1: 655 daAuts
     D:2: 589 daAuts
     D:5: 479 daAuts
     D:4: 288 daAuts
     D:6: 135 daAuts
